 Dungeon Crawl Stone Soup version 0.30-a0-808-g6e0788376e (webtiles) character file.

Game seed: 1971661690879450915

23703 cforsyth the Covert (level 13, -2/75 HPs)
             Began as a Kobold Brigand on Feb 25, 2023.
             Was an Elder of Hepliaklqana.
             Slain by a skeletal warrior
             ... wielding a +4 hand axe
              (18 damage)
             ... on level 12 of the Dungeon.
             The game lasted 00:26:34 (18137 turns).

cforsyth the Covert (Kobold Brigand)               Turns: 18137, Time: 00:26:35

Health: -2/75      AC: 16    Str:  8    XL:     13   Next: 37%
Magic:  13/13      EV: 39    Int: 13    God:    Hepliaklqana [****..]
Gold:   1663       SH: 14    Dex: 24    Spells: 12/12 levels left

rFire   . . .      SeeInvis +    P - +6 short sword "Arbiter" {protect, Dex+3}
rCold   . . .      Faith    .    T - +2 kite shield
rNeg    . . .      Spirit   .    H - +2 robe {Will+}
rPois   .          Reflect  .    x - +2 hat {Will+}
rElec   .          Harm     .    c - +0 cloak
rCorr   .          Rampage  .    G - +0 pair of gloves
Will    +++..                    A - +0 pair of boots
Stlth   +++++++                  Y - amulet of the acrobat
HPRegen 0.32/turn                w - ring of willpower
MPRegen 0.13/turn                B - ring of see invisible

@: under a protective aura, acrobatic
A: reduced essence, small, no large weapons, nightstalker 3
a: Renounce Religion, Recall Ancestor, Ancestor Identity, Transference, Idealise


You were on level 12 of the Dungeon.
You worshipped Hepliaklqana.
Hepliaklqana was greatly pleased with you.
You visited 1 branch of the dungeon, and saw 12 of its levels.

You collected 1765 gold pieces.
You spent 102 gold pieces at shops.

Inventory:

Hand Weapons
 a - a +2 dagger
 o - a +2 dagger of speed
 C - a +2 short sword of holy wrath
 P - the +6 short sword "Arbiter" (weapon) {protect, Dex+3}
   (You found it on level 2 of the Dungeon)

   Dex:       It affects your dexterity (+3).
 R - a +3 quick blade of protection
Missiles
 d - 34 poisoned darts
 p - 2 throwing nets (quivered)
 M - 8 curare-tipped darts
Armour
 b - a +0 robe
 c - a +0 cloak (worn)
 x - a +2 hat of willpower (worn)
 A - a +0 pair of boots (worn)
 G - a +0 pair of gloves (worn)
 H - a +2 robe of willpower (worn)
 T - a +2 kite shield (worn)
Jewellery
 s - a ring of flight
 w - a ring of willpower (left hand)
 y - a ring of ice
 B - a ring of see invisible (right hand)
 Y - an amulet of the acrobat (around neck)
Wands
 E - a wand of iceblast (19)
 K - a wand of flame (21)
 L - a wand of quicksilver (8)
 Q - a wand of paralysis (16)
 V - a wand of polymorph (5)
Scrolls
 k - 6 scrolls of magic mapping
 l - 2 scrolls of vulnerability
 m - 5 scrolls of fear
 q - 2 scrolls of blinking {unknown}
 r - a scroll of butterflies {unknown}
 u - a scroll of teleportation
 N - a scroll of immolation
 O - 2 scrolls of enchant armour
 U - a scroll of fog
Potions
 e - a potion of haste
 f - a potion of heal wounds
 g - 3 potions of attraction
 h - 2 potions of brilliance
 i - 4 potions of might
 n - 8 potions of degeneration
 t - a potion of invisibility
 v - a potion of experience
 z - 2 potions of magic
 D - 9 potions of ambrosia
 F - 4 potions of lignification
 I - a potion of flight
 J - 5 potions of curing
 S - a potion of mutation
 W - a potion of cancellation
 X - 2 potions of berserk rage
 Z - a potion of resistance


   Skills:
 + Level 11.1 Fighting
 + Level 13.3 Short Blades
 - Level 2.1 Throwing
 + Level 12.0 Dodging
 + Level 14.9 Stealth
 + Level 7.2 Shields


You had 12 spell levels left.
You didn't know any spells.
Your spell library contained the following spells:

 Spells                   Type           Power      Damage    Failure   Level
 Magic Dart               Conj           0%         1d3       75%         1
 Necrotise                Necr           0%         1d4       75%         1
 Sandblast                Erth           0%         2d4       75%         1
 Slow                     Hex            0%         N/A       75%         1
 Sting                    Tmut/Pois      0%         1d3       75%         1
 Summon Small Mammal      Summ           0%         N/A       75%         1
 Ensorcelled Hibernation  Hex/Ice        0%         N/A       87%         2
 Passwall                 Tmut/Erth      0%         N/A       87%         2
 Poisonous Vapours        Pois/Air       0%         N/A       87%         2
 Searing Ray              Conj           0%         2d4       87%         2
 Sublimation of Blood     Necr           0%         N/A       87%         2
 Call Canine Familiar     Summ           0%         N/A       98%         3
 Confusing Touch          Hex            0%         N/A       98%         3
 Gell's Gravitas          Tloc           0%         N/A       98%         3
 Ignite Poison            Fire/Tmut/Pois 0%         N/A       98%         3
 Ozocubu's Armour         Ice            0%         N/A       98%         3
 Portal Projectile        Hex/Tloc       0%         N/A       98%         3
 Stone Arrow              Conj/Erth      0%         3d7       98%         3
 Summon Guardian Golem    Hex/Summ       0%         N/A       98%         3
 Swiftness                Air            0%         N/A       98%         3
 Teleport Other           Tloc           0%         N/A       98%         3
 Vampiric Draining        Necr           0%         2d6       98%         3
 Fulminant Prism          Conj/Hex       0%         3d5       100%        4
 Leda's Liquefaction      Hex/Erth       0%         N/A       100%        4
 Olgreb's Toxic Radiance  Pois           0%         N/A       100%        4
 Petrify                  Tmut/Erth      0%         N/A       100%        4
 Sticky Flame             Conj/Fire      0%         2d3       100%        4
 Agony                    Necr           0%         N/A       100%        5
 Irradiate                Conj/Tmut      0%         3d11      100%        5
 Metabolic Englaciation   Hex/Ice        0%         N/A       100%        5
 Dispersal                Tloc           0%         N/A       100%        6
 Simulacrum               Ice/Necr       0%         N/A       100%        6
 Statue Form              Tmut/Erth      0%         N/A       100%        6
 Ignition                 Fire           0%         3d3       100%        8


Dungeon Overview and Level Annotations

Branches:
Dungeon (12/15)            Temple (0/1) D:6            Lair (0/5) D:11
    Orc (0/2) D:11

Altars:
Cheibriados
Gozag
Hepliaklqana
Nemelex Xobeh
Okawaru
Ru
Vehumet
The Shining One

Shops:
D:2 =   D:3 (   D:4 *   D:9 [   D:11 *

Annotations:
D:5 Duvessa
D:10 4 runed translucent doors
D:11 3 runed translucent doors, exclusion: obsidian statue, STHMFLV's ghost, journeyman DsCj


Innate Abilities, Weirdness & Mutations

Your life essence is reduced to manifest your ancestor. (-10% HP)
You are small and have problems with some larger weapons.
You are completely attuned to the shadows.


Message History

The skeletal warrior resists with almost no effort.
You puncture the skeletal warrior!
The skeletal warrior is severely damaged.
You block the skeletal warrior's attack.
The skeletal warrior closely misses Fikile.
The skeletal warrior completely misses you.
Fikile hits the skeletal warrior but does no damage.
You hit the skeletal warrior.
The skeletal warrior is severely damaged.
Fikile hits the skeletal warrior with a +0 dagger of draining!
You hit the skeletal warrior but do no damage.
The skeletal warrior is severely damaged.
You block the skeletal warrior's attack.
The skeletal warrior hits Fikile with a +4 hand axe!
Fikile is destroyed!
The skeletal warrior barely misses you.
You closely miss the skeletal warrior.
The skeletal warrior is severely damaged.
The skeletal warrior closely misses you.
You block the skeletal warrior's attack.
You hit the skeletal warrior.
The skeletal warrior is severely damaged.
The skeletal warrior hits you with a +4 hand axe!
You block the skeletal warrior's attack.
You hit the skeletal warrior but do no damage.
The skeletal warrior is severely damaged.
You hit the skeletal warrior.
The skeletal warrior is severely damaged.
The orc priest mumbles some strange prayers to Beogh against you.
Beogh smites you!
You block the skeletal warrior's attack.
The skeletal warrior hits you with a +0 hand axe!
* * * LOW HITPOINT WARNING * * *
You are too injured to fight recklessly!
You are too injured to fight recklessly!
You are too injured to fight recklessly!
You are too injured to fight recklessly!
You are too injured to fight recklessly!
The skeletal warrior hits you with a +4 hand axe!!
You die...

.#. .##.
#..###.###..#
#...........#
..###.###..## ##
#...#R..##.# #..
#...#...#..#
..###..#...#..#
#...#..###..##
#z@.#...#...#
#...##..#...#
#z###..#..##...
..o.....#(...####
###. #...#...## ##
##.#..### ##
###.### .##
#.....# ..#
...######.###.####


You could see 2 skeletal warriors and an orc priest.

Vanquished Creatures
  3 two-headed ogres
  A tengu warrior (D:10)
  2 manticores (D:11)
  An oklob plant (D:11)
  3 cyclopes
  Joseph (D:9)
  8 gargoyles
  3 unseen horrors (D:12)
  A kobold demonologist (D:11)
  Maggie (D:7)
  A queen bee (D:9)
  A troll (D:10)
  A hornet (D:11)
  Prince Ribbit (D:6)
  Sigmund (D:2)
  2 shadows (D:12)
  20 yaks
  3 vampires (D:10)
  A steam dragon (D:9)
  A basilisk (D:12)
  4 fire bats
  Menkaure (D:7)
  A hell hound (D:8)
  2 acid dragons
  7 orc warriors
  A swamp drake (D:11)
  A black bear (D:8)
  An ice beast (D:6)
  A sky beast (D:8)
  2 centaurs
  4 ogres
  4 bullfrogs
  2 necrophages
  6 kobold brigands
  3 gnoll sergeants
  4 scorpions
  10 wights
  Dowan (D:5)
  29 killer bees
  4 howler monkeys
  2 lava snakes (D:8)
  3 hounds
  9 orc priests
  5 gnoll boudas
  4 iguanas
  Terence (D:3)
  7 orc wizards
  A mummy (D:6)
  Robin (D:3)
  28 gnolls
  12 adders
  2 worms (D:2)
  4 dart slugs
  37 orcs
  5 bats
  11 endoplasms
  4 giant cockroaches
  11 goblins
  10 hobgoblins
  6 jackals (D:1)
  4 quokkas
  9 ball pythons
  7 frilled lizards
  38 kobolds
  4 rats
369 creatures vanquished.

Vanquished Creatures (collateral kills)
  Gastronok (D:9)
  Erolcha (D:10)
  A two-headed ogre (D:11)
  A komodo dragon (D:11)
  A shadow (D:9)
  2 yaks
  An acid dragon (D:11)
  A kobold brigand (D:11)
  4 killer bees (D:9)
  2 orc priests (D:11)
  4 orc wizards
  3 gnolls (D:9)
  7 orcs
  4 kobolds
33 creatures vanquished.

Vanquished Creatures (others)
  An ancestor (D:8)
  3 hexers
  3 fire vortices (D:8)
  10 plants (D:11)
17 creatures vanquished.

Grand Total: 419 creatures vanquished

Notes
Turn   | Place    | Note
-------+----------+-------------------------------------------
     0 | D:1      | cforsyth the Kobold Brigand began the quest for the Orb.
     0 | D:1      | Reached XP level 1. HP: 12/12 MP: 1/1
   233 | D:1      | Reached XP level 2. HP: 18/18 MP: 2/2
   444 | D:1      | Reached XP level 3. HP: 21/22 MP: 3/3
   938 | D:1      | Reached XP level 4. HP: 3/27 MP: 4/4
  1733 | D:2      | You fall into a shaft and drop 2 floors!
  1777 | D:3      | Noticed Robin
  1799 | D:3      | Reached skill level 6 in Stealth
  1930 | D:2      | Noticed Sigmund
  1933 | D:2      | Killed Sigmund
  1934 | D:2      | Reached XP level 5. HP: 33/33 MP: 5/5
  1934 | D:2      | Reached XP level 6. HP: 38/38 MP: 6/6
  1953 | D:2      | Found an iron altar of Okawaru.
  2033 | D:2      | Found Ismonn's Jewellery Boutique.
  2231 | D:2      | Identified the +6 short sword "Arbiter" {protect, Dex+3}
  2883 | D:3      | Killed Robin
  2985 | D:3      | Found Teckaxei's Antique Weapon Emporium.
  3048 | D:3      | Reached skill level 5 in Short Blades
  3055 | D:3      | Reached skill level 7 in Stealth
  3179 | D:3      | Noticed Terence
  3187 | D:3      | Killed Terence
  3188 | D:3      | Reached XP level 7. HP: 42/43 MP: 7/7
  5397 | D:5      | Entered Level 5 of the Dungeon
  5616 | D:5      | Reached skill level 5 in Dodging
  5616 | D:5      | Reached XP level 8. HP: 36/48 MP: 8/8
  5725 | D:5      | Reached skill level 5 in Fighting
  5738 | D:5      | Reached skill level 8 in Stealth
  5874 | D:5      | Noticed Dowan
  5875 | D:5      | Noticed Duvessa
  7031 | D:4      | Found Imistaom's Assorted Antiques.
  7045 | D:4      | Bought a dark potion for 24 gold pieces
  7045 | D:4      | Bought a scroll labelled FUBENO ZIWN for 27 gold pieces
  7045 | D:4      | Bought a scroll labelled JESSAYSUZYBB for 27 gold pieces
  7045 | D:4      | Bought a grey potion for 24 gold pieces
  7292 | D:4      | Reached skill level 9 in Stealth
  7831 | D:5      | Reached XP level 9. HP: 55/55 MP: 9/9
  8063 | D:5      | Reached skill level 1 in Shields
  8958 | D:5      | Killed Dowan
  9306 | D:6      | Noticed Prince Ribbit
  9336 | D:6      | Killed Prince Ribbit
  9492 | D:6      | Found a radiant altar of Vehumet.
  9558 | D:6      | Found a faded altar of an unknown god.
  9566 | D:6      | Found a staircase to the Ecumenical Temple.
  9658 | D:6      | Reached skill level 10 in Stealth
 10359 | D:7      | Found a hazy altar of Hepliaklqana.
 10372 | D:7      | Became a worshipper of Hepliaklqana the Forgotten
 10519 | D:7      | Reached XP level 10. HP: 63/63 MP: 10/10
 10737 | D:7      | Noticed Maggie
 10777 | D:7      | Killed Maggie
 11352 | D:7      | Noticed Menkaure
 11356 | D:7      | Killed Menkaure
 11444 | D:7      | Reached * piety under Hepliaklqana
 11558 | D:7      | Noticed a gargoyle
 11560 | D:7      | Killed a gargoyle
 11561 | D:7      | Reached skill level 11 in Stealth
 11566 | D:7      | Noticed a gargoyle
 11568 | D:7      | Killed a gargoyle
 11575 | D:7      | Noticed a gargoyle
 11577 | D:7      | Killed a gargoyle
 11582 | D:7      | Noticed a gargoyle
 11584 | D:7      | Killed a gargoyle
 11593 | D:7      | Noticed a gargoyle
 11595 | D:7      | Killed a gargoyle
 11605 | D:7      | Noticed a gargoyle
 11626 | D:7      | Killed a gargoyle
 11755 | D:7      | Found a sacrificial altar of Ru.
 11990 | D:7      | Reached skill level 10 in Short Blades
 11990 | D:7      | Reached XP level 11. HP: 54/61 MP: 11/11
 12343 | D:8      | Reached skill level 12 in Stealth
 12784 | D:8      | Found a sparkling altar of Nemelex Xobeh.
 13053 | D:8      | Found a glowing golden altar of the Shining One.
 13585 | D:9      | Noticed a two-headed ogre
 13603 | D:9      | Killed a two-headed ogre
 13604 | D:9      | Reached skill level 5 in Shields
 13642 | D:9      | Reached ** piety under Hepliaklqana
 13643 | D:9      | Remembered your ancestor Fikile as a hexer
 13731 | D:9      | Noticed Gastronok
 13740 | D:9      | Killed Gastronok
 13876 | D:9      | Reached skill level 10 in Dodging
 14284 | D:9      | Reached skill level 13 in Stealth
 14293 | D:9      | Reached XP level 12. HP: 67/68 MP: 12/12
 14525 | D:9      | Noticed Joseph
 14536 | D:9      | Killed Joseph
 14631 | D:9      | Found Otuppioph's Armour Boutique.
 14821 | D:10     | Entered Level 10 of the Dungeon
 14850 | D:10     | Identified 2 scrolls of acquirement
 14850 | D:10     | Acquired a +2 quick blade of protection
 14851 | D:10     | Acquired 873 gold pieces
 14935 | D:10     | Found a snail-covered altar of Cheibriados.
 15041 | D:10     | Reached skill level 10 in Fighting
 15065 | D:10     | Found a large runed translucent door.
 15066 | D:10     | Found a large runed translucent door.
 15194 | D:10     | Noticed Erolcha
 15209 | D:10     | Killed Erolcha
 15421 | D:10     | Found a large runed translucent door.
 15427 | D:10     | Found a large runed translucent door.
 15442 | D:10     | Reached *** piety under Hepliaklqana
 15483 | D:10     | Noticed a two-headed ogre
 15486 | D:10     | Killed a two-headed ogre
 15498 | D:10     | Noticed a tengu warrior
 15530 | D:10     | Killed a tengu warrior
 15856 | D:10     | Identified the +4 spear "Ovunn" {drain, Str+4 Int+2 Stlth+}
 16020 | D:10     | Reached skill level 14 in Stealth
 16220 | D:11     | Found a staircase to the Lair.
 16295 | D:11     | Noticed a two-headed ogre
 16306 | D:11     | Killed a two-headed ogre
 16557 | D:11     | Reached XP level 13. HP: 74/74 MP: 13/13
 16608 | D:11     | Found a runed translucent gate.
 16608 | D:11     | Found a runed translucent gate.
 16608 | D:11     | Found a runed translucent gate.
 16610 | D:11     | Found an opulent altar of Gozag.
 16610 | D:11     | Found Kimairuxt's Assorted Antiques.
 16610 | D:11     | Noticed STHMFLV's ghost (journeyman DsCj)
 17304 | D:11     | Found a staircase to the Orcish Mines.
 17973 | D:12     | Reached **** piety under Hepliaklqana
 18137 | D:12     | Slain by a skeletal warrior

Illustrated notes

Levels and vault maps discovered:
D:1:      lemuel_arrival_cross, layout_basic
D:2:      layout_basic, basic_altar, serial_shops, shop_fountains,
          minmay_increasing_density, uniq_sigmund
D:3:      layout_basic, serial_shops, shop, uniq_terence, uniq_robin
D:4:      layout_loops_corners, serial_shops, nicolae_shop_window_shopping
D:5:      layout_basic, uniq_duvessa
D:6:      layout_cave_pools, mainiacjoe_overflow_concentric_impassable,
          nicolae_temple_entry_ecumenical, gup_ossuary_entry_pyramid,
          uniq_prince_ribbit1
D:7:      cheibrodos_statue_roulette, layout_basic, nicolae_ru_path_of_blood,
          amcnicky_altar_gilded, uniq_maggie, uniq_menkaure
D:8:      layout_loops_ring, mainiacjoe_overflow_catwalk,
          nicolae_overflow_hidden_temple, nicolae_zen_rock_garden,
          amethyst_killhole, hangedman_incinerator
D:9:      layout_small_grid, special_room [special_room_bee],
          minmay_misc_feat_iff, nicolae_inconvenience_store, st_stairs_12,
          uniq_gastronok, uniq_joseph
D:10:     layout_long_grid, chei_slow_surprise, minmay_hollow_rounded_squares,
          uniq_erolcha
D:11:     layout_cave_pools, dpeg_oklobed_lair, erik_orc_1, ebering_ghost_gozag,
          hangedman_glass_teeth, hangedman_decor_points,
          minmay_sticks_and_stones
D:12:     layout_loops_cross, nicolae_titane

Skill      XL: |  1  2  3  4  5  6  7  8  9 10 11 12 13 |
---------------+----------------------------------------+-----
Short Blades   | 3 4 5 6 7 8 10 11 12 13 | 13.3
Dodging        | 2 3 4 5 6 7 8 10 11 12 | 12.0
Fighting       | 3 4 5 7 8 9 10 11 | 11.1
Stealth        | 6 7 9 10 11 13 14 | 14.9
Shields        | 2 4 5 6 7 |  7.2
Throwing       | |  2.1

Action                     |  1- 3 |  4- 6 |  7- 9 | 10-12 | 13-15 || total
---------------------------+-------+-------+-------+-------+-------++-------
  Melee: Dagger            |    87 |   195 |   844 |    79 |       ||  1205
         Punch             |       |     1 |    18 |     3 |       ||    22
         Short sword       |       |       |       |   660 |   169 ||   829
  Throw: Dart              |       |       |    25 |       |       ||    25
         Throwing net      |       |       |     2 |       |       ||     2
 Invoke: Ancestor Life: He |       |       |       |     1 |       ||     1
         Recall Ancestor   |       |       |       |       |     1 ||     1
    Use: Potion            |       |       |     2 |     1 |     1 ||     4
         Scroll            |       |       |     7 |    16 |     5 ||    28
   Stab: Sleeping          |    15 |    18 |    22 |    37 |     5 ||    97
         Distracted        |       |     1 |     1 |     5 |     3 ||    10
         Invisible         |       |       |     4 |       |       ||     4
         Confused          |       |       |       |    15 |     9 ||    24
 Armour: Robe              |    13 |    19 |    55 |    98 |    25 ||   210
  Dodge: Dodged            |    48 |    86 |   354 |   420 |    75 ||   983
  Block: Kite shield       |       |       |       |   309 |    89 ||   398

Table legend: (Time is in decaauts)
 A = Elapsed time spent in this place.
 B = Non-inter-level travel time spent in this place.
 C = Inter-level travel time spent in this place.
 D = Time resting spent in this place.
 E = Time spent auto-exploring this place.
 F = Levels seen in this place.
 G = Mean time per level.
                   A        B        C        D        E       F      G
               +--------+--------+--------+--------+--------+-----+--------+
         Total |  17179 |  16406 |    773 |   3821 |   9390 |  12 | 1431.6 |
       Dungeon |  17179 |  16406 |    773 |   3821 |   9390 |  12 | 1431.6 |
               +--------+--------+--------+--------+--------+-----+--------+

Top non-repeatable levels by time:
     D:3: 2087 daAuts
     D:5: 2030 daAuts
     D:4: 1975 daAuts
    D:10: 1687 daAuts
     D:7: 1633 daAuts
     D:1: 1548 daAuts
     D:2: 1293 daAuts
     D:9: 1224 daAuts
     D:8: 1146 daAuts
     D:6: 1024 daAuts
    D:11: 997 daAuts
    D:12: 530 daAuts
